 Dungeon Crawl Stone Soup version 0.31.0-9-g3a7656b989 (webtiles) character file.

Game seed: 16488446602531719470

53 qw the Shooter (level 3, -4/20 HPs)
             Began as a Deep Elf Hunter on Feb 2, 2024.
             Slain by an orc
             ... wielding a +0 trident
              (5 damage)
             ... on level 3 of the Dungeon.
             The game lasted 00:00:05 (1622 turns).

qw the Shooter (Deep Elf Hunter)                    Turns: 1622, Time: 00:00:05

Health: -4/20      AC: 11    Str: 10    XL:     3   Next: 62%
Magic:  5/5        EV: 11    Int: 13    God:
Gold:   84         SH:  0    Dex: 18    Spells: 2/2 levels left

rFire   . . .        a - +0 shortbow
rCold   + . .        (shield currently unavailable)
rNeg    . . .        e - +3 ring mail {rC+}
rPois   .            (no helmet)
rElec   .            i - +2 cloak
rCorr   .            (no gloves)
SInv    .            (no boots)
Will    .....        (no amulet)
Stlth   +            (no ring)
HPRegen 0.23/turn    (no ring)
MPRegen 0.09/turn

%: no passive effects
@: no status effects
A: no striking features
a: no special abilities


You were on level 3 of the Dungeon.
You visited 1 branch of the dungeon, and saw 3 of its levels.

You collected 84 gold pieces.


   Skills:
 - Level 1.5 Fighting
 + Level 7.1 Ranged Weapons
 - Level 2.4 Dodging
 - Level 1.2 Stealth


You had 2 spell levels left.
You didn't know any spells.
Your spell library was empty.

Inventory:

Hand Weapons
 a - a +0 shortbow (weapon)
Armour
 e - a +3 ring mail of cold resistance (worn)
 i - a +2 cloak (worn)
Potions
 b - a potion of brilliance {unknown}
 g - a potion of mutation {unknown}

Dungeon Overview and Level Annotations

Branches:
Dungeon (3/15)

Altars:
Sif Muna

Shops:
D:1 =   D:2 *


Message History

Beogh smites you!
Ouch! That really hurt!
You shoot an arrow. The arrow hits the orc.
The orc is heavily wounded.
An orc comes into view. It is wielding a +0 trident.
The endoplasm hits you. The orc barely misses you.
1616 ||| DRINKING potion of heal wounds.
You feel much better. The endoplasm freezes you.
You are frozen.
You resist.
An endoplasm comes into view.
The orc hits you but does no damage.
You shoot an arrow. The arrow barely misses the orc.
The orc shouts!
The endoplasm quivers.
The orc hits you with a +0 mace. The endoplasm hits you. The orc misses you.
The endoplasm barely misses you.
You shoot an arrow. The arrow barely misses the orc.
A bombardier beetle comes into view.
The orc hits you with a +0 mace.
The endoplasm hits you but does no damage.
You shoot an arrow. The arrow hits the orc.
You kill the orc!
The endoplasm freezes you.
You are frozen.
You resist.
You shoot an arrow. The arrow hits the orc priest!
The orc priest is heavily wounded.
The orc priest looks satisfied for a moment.
The endoplasm barely misses you.
You shoot an arrow.
The arrow hits the orc priest but does no damage.
The orc priest is heavily wounded.
The orc hits you but does no damage.
The endoplasm hits you but does no damage.
The orc priest calls down the wrath of Beogh upon you.
Pain shoots through your body!
You shoot an arrow.
The arrow closely misses the orc priest.
The orc hits you from afar with a +0 trident.
You die...

###.#.......#
..
#.._........#
...
#.#.#.......#
...####
#...........#
.......
##.........
.......
#.........
..B....
##'#######
#....o.###..#
#.....o@...##
#.....J#####
#......
#......
##+###. #. #.
..


You could see a bombardier beetle, an orc priest, an orc and an endoplasm.

Vanquished Creatures
  An adder (D:2)
  An orc (D:3)
  8 endoplasms
  2 giant cockroaches
  A goblin (D:1)
  3 hobgoblins
  10 kobolds
  5 quokkas (D:1)
  2 ball pythons
  3 bats (D:1)
  A frilled lizard (D:1)
  3 rats
40 creatures vanquished.

Notes
Turn   | Place    | Note
-------+----------+-------------------------------------------
     0 | D:1      | qw the Deep Elf Hunter began the quest for the Orb.
     0 | D:1      | Reached XP level 1. HP: 12/12 MP: 3/3
     0 | D:1      | 0 ||| qw: Version: 0.3-a-155-g5e7d8dd
     0 | D:1      | 0 ||| qw: Game counter: 265
     0 | D:1      | 0 ||| qw: Melee chars always use a shield: true
     0 | D:1      | 0 ||| qw: God list: Okawaru
     0 | D:1      | 0 ||| qw: Allow faded altars: false
     0 | D:1      | 0 ||| qw: Do Orc after clearing Dungeon:15 true
     0 | D:1      | 0 ||| qw: Do second Lair branch before Depths: true
     0 | D:1      | 0 ||| qw: Lair rune preference: random
     0 | D:1      | 0 ||| qw: Goals: Normal
     0 | D:1      | 0 ||| PLANNING D:1-11
   157 | D:1      | Reached XP level 2. HP: 15/16 MP: 4/4
   166 | D:1      | Found Peifud's One-of-a-Kind Rings.
   180 | D:1      | Reached skill level 6 in Ranged Weapons
   184 | D:1      | 184 ||| SHOPLISTING +3 ring of strength (100 gold, have
                  | 29).
   184 | D:1      | 184 ||| SHOPLISTING +4 ring of dexterity (150 gold, have
                  | 29).
   184 | D:1      | 184 ||| SHOPLISTING +4 ring of evasion (210 gold, have 29).
   184 | D:1      | 184 ||| SHOPLISTING +6 ring of protection (780 gold, have
                  | 29).
   184 | D:1      | 184 ||| SHOPLISTING ring "Nuini" {rN+ Int+6 Dex+4} (556
                  | gold, have 29).
   184 | D:1      | 184 ||| SHOPLISTING ring "Ummeh" {rElec rF+ rC++ Will+
                  | Str-2} (579 gold, have 29).
   184 | D:1      | 184 ||| SHOPLISTING ring "Wiomajel" {Ice rElec rN++ Str-2
                  | Dex+3} (516 gold, have 29).
   654 | D:1      | 654 ||| UPGRADING to +2 cloak.
   659 | D:1      | 659 ||| READING scroll labelled IPHAKLAEFEU.
   659 | D:1      | Identified a scroll of acquirement
   659 | D:1      | 659 ||| ACQUIRING +3 ring mail of cold resistance
   659 | D:1      | Acquired a +3 ring mail of cold resistance
   661 | D:1      | 661 ||| UPGRADING to +3 ring mail of cold resistance.
   671 | D:1      | 671 ||| DROPPING +0 leather armour.
   672 | D:1      | 672 ||| READING 2 scrolls labelled UWIPLU RYOJ.
   672 | D:1      | 672 ||| IDENTIFYING puce potion
   673 | D:1      | 673 ||| READING scroll of identify.
   673 | D:1      | 673 ||| IDENTIFYING ruby potion
   674 | D:1      | 674 ||| DROPPING scroll of butterflies.
   675 | D:1      | 675 ||| DROPPING potion of berserk rage.
   691 | D:2      | Found Sicofyho's General Store.
   705 | D:2      | 705 ||| SHOPLISTING potion of heal wounds (65 gold, have
                  | 57).
   705 | D:2      | 705 ||| SHOPLISTING wand of paralysis (4) (124 gold, have
                  | 57).
   870 | D:2      | Reached XP level 3. HP: 20/20 MP: 5/5
  1434 | D:2      | 1434 ||| READING scroll labelled UWKIRU KUEKK.
  1435 | D:2      | 1435 ||| READING scroll labelled MIDAGE EFOCH.
  1436 | D:2      | 1436 ||| DRINKING 2 bubbling sapphire potions.
  1437 | D:2      | 1437 ||| DROPPING potion of attraction.
  1506 | D:3      | Reached skill level 7 in Ranged Weapons
  1586 | D:3      | Found a shimmering blue altar of Sif Muna.
  1615 | D:3      | HP: 5/20 [endoplasm (1)]
  1616 | D:3      | 1616 ||| DRINKING potion of heal wounds.
  1621 | D:3      | HP: 1/20 [orc priest/nerve-wracking pain (7)]
  1622 | D:3      | Slain by an orc

Levels and vault maps discovered:
D:1:      wander_arrival_desolate, layout_loops_ring, nicolae_shop_unique_rings
D:2:      layout_basic, serial_shops, shop, interstate_on_off,
          minmay_misc_feat_iff
D:3:      layout_basic, lemuel_crystal_altar, grunt_dithmenos_smoke

Skill      XL: |  1  2  3 |
---------------+----------+-----
Ranged Weapons | 6 7 |  7.1
Fighting       | |  1.5
Dodging        | |  2.4
Stealth        | |  1.2

Action                     || total
---------------------------++-------
   Fire: Shortbow          ||   104
    Use: Scroll            ||     5
         Potion            ||     2
 Armour: Leather armour    ||    11
         Ring mail         ||    14
  Dodge: Dodged            ||    17

Table legend:
 A = Non-vault XP
 B = Vault XP
 C = Vault XP percentage of total XP
 D = Non-vault monster count
 E = Vault monster count
 F = Vault count percentage of total count
                 A         B        C        D         E       F
            +---------+---------+-------+---------+---------+-------
      Total |      76 |       0 |   0.0 |      40 |       0 |   0.0
            +---------+---------+-------+---------+---------+-------
        D:1 |      36 |       0 |   0.0 |      22 |       0 |   0.0
        D:2 |      25 |       0 |   0.0 |       9 |       0 |   0.0
        D:3 |      15 |       0 |   0.0 |       9 |       0 |   0.0
            +---------+---------+-------+---------+---------+-------
